 Dungeon Crawl Stone Soup version 0.27.1-3-gb3d3a73c9e (webtiles) character file.

Game seed: 10644306794219715542

14547762 Flure the Bringer of Light (level 27, 323/323 HPs)
             Began as an Ogre Hunter on Oct 20, 2021.
             Was the Champion of the Shining One.
             Escaped with the Orb
             ... and 15 runes on Oct 29, 2021!
             The game lasted 06:31:16 (108768 turns).

Flure the Bringer of Light (Ogre Hunter)          Turns: 108768, Time: 06:31:17

Health: 323/323    AC: 46    Str: 35    XL:     27
Magic:  42/42      EV: 16    Int: 14    God:    the Shining One [******]
Gold:   11770      SH: 27    Dex: 22    Spells: 38/56 levels left

rFire    + + .     SeeInvis .   w - +9 sacred scourge (holy)
rCold    + + +     Faith    .   o - +2 tower shield
rNeg     + + +     Spirit   .   b - +12 gold dragon scales
rPois    +         Reflect  .   N - +0 hat "Zasuaf" {rElec rC+++ Str+3}
rElec    +         Harm     +   Y - +4 cloak "Jinuext" {rElec rC++ Regen+ Slay+2}
rCorr    .         Rampage  .   (gloves unavailable)
Will     +++++                  (boots unavailable)
Stlth    ..........             g - amulet "Ducveax" {Harm rN++ Will+ Regen+}
HPRegen  2.63/turn              v - ring "Teehumut" {rF+ Dex+6}
MPRegen  0.28/turn              D - ring "Zoquzi" {rPois Will++ Str+6 Int+2 Stlth+}

@: glowing, studying 3 skills
A: large, unfitting armour, tough skin 1, hooves 2, iridescent scales 1, cold
resistance 1, strong-willed 1, passive freeze, inability to read while
threatened
0: Orb of Zot
}: 15/15 runes: serpentine, barnacled, slimy, silver, golden, iron, obsidian,
icy, bone, abyssal, demonic, glowing, magical, fiery, dark
a: Renounce Religion, Divine Shield, Cleansing Flame, Summon Divine Warrior


You escaped.
You worshipped the Shining One.
The Shining One was exalted by your worship.
You visited 18 branches of the dungeon, and saw 90 of its levels.
You visited Pandemonium 1 time, and saw 12 of its levels.
You visited the Abyss 2 times.
You also visited: Bailey, Gauntlet and Ice Cave.

You collected 19601 gold pieces.
You spent 7831 gold pieces at shops.

Inventory:

Hand Weapons
 d - a +9 eveningstar of flaming
 w - a +9 sacred scourge of holy wrath (weapon)
Missiles
 a - 130 large rocks (quivered)
 c - 17 curare-tipped darts
 j - 79 silver javelins
 l - 20 throwing nets
 n - 574 sling bullets
 S - 24 boomerangs of dispersal
Armour
 b - +12 gold dragon scales (worn)
 o - a +2 tower shield (worn)
 N - the +0 hat "Zasuaf" (worn) {rElec rC+++ Str+3}
   (You found it in a bailey)

   Str:       It affects your strength (+3).
   rC:        It renders you almost immune to cold.
   rElec:     It insulates you from electricity.
 Y - the +4 cloak "Jinuext" (worn) {rElec rC++ Regen+ Slay+2}
   (You acquired it on level 5 of the Pits of Slime)

   Slay:      It affects your accuracy & damage with ranged weapons and melee
   (+2).
   rC:        It greatly protects you from cold.
   rElec:     It insulates you from electricity.
   Regen:     It increases your rate of health regeneration.
Jewellery
 g - the amulet "Ducveax" (around neck) {Harm rN++ Will+ Regen+}
   (You found it on level 5 of the Pits of Slime)

   [amulet of regeneration]

   rN:        It greatly protects you from negative energy.
   Regen:     It increases your rate of health regeneration.
   Harm:      It increases damage dealt and taken.
   Will:      It increases your willpower.
 t - the amulet of Linearity {*Slow rElec Regen+ rCorr Dex+2}
   (You took it off a tengu reaver on level 3 of the Depths)

   [amulet of regeneration]

   Dex:       It affects your dexterity (+2).
   rElec:     It insulates you from electricity.
   Regen:     It increases your rate of health regeneration.
   rCorr:     It protects you from acid and corrosion.
   *Slow:     It may slow you when you take damage.
 v - the ring "Teehumut" (left hand) {rF+ Dex+6}
   (You found it in Pandemonium)

   [ring of dexterity]

   Dex:       It affects your dexterity (+6).
   rF:        It protects you from fire.
 x - a ring of wizardry
 D - the ring "Zoquzi" (right hand) {rPois Will++ Str+6 Int+2 Stlth+}
   (You found it on level 4 of the Shoals)

   [ring of strength]

   Str:       It affects your strength (+6).
   Int:       It affects your intelligence (+2).
   rPois:     It protects you from poison.
   Will:      It greatly increases your willpower.
   Stlth:     It makes you more stealthy.
 J - a ring of see invisible
 L - the ring "Tytoc" {rCorr Str+6 Dex+4}
   (You found it on level 7 of Tartarus)

   [ring of strength]

   Str:       It affects your strength (+6).
   Dex:       It affects your dexterity (+4).
   rCorr:     It protects you from acid and corrosion.
Wands
 e - a wand of acid (63)
 k - a wand of paralysis (48)
 A - a wand of mindburst (56)
 K - a wand of iceblast (92)
 U - a wand of digging (5)
Scrolls
 f - 20 scrolls of teleportation
 p - 14 scrolls of fear
 r - a scroll of enchant weapon
 y - 7 scrolls of holy word
 E - 5 scrolls of summoning
 M - 12 scrolls of immolation
 O - 3 scrolls of silence
 Q - 8 scrolls of fog
 T - 6 scrolls of blinking
 W - 4 scrolls of magic mapping
Potions
 i - 6 potions of mutation
 m - 6 potions of brilliance
 q - 2 potions of might
 s - 31 potions of curing
 u - 6 potions of attraction
 z - 4 potions of ambrosia
 B - 3 potions of heal wounds
 C - 7 potions of berserk rage
 F - 5 potions of haste
 G - 2 potions of magic
 I - 2 potions of resistance
 P - a potion of cancellation
 V - 3 potions of flight
Miscellaneous
 h - a tin of tremorstones (2/2)
 H - a phantom mirror
 R - a figurine of a ziggurat
 X - a phial of floods
 Z - a box of beasts


   Skills:
 O Level 27 Fighting
 - Level 18.0 Maces & Flails
 + Level 26.0 Throwing
 + Level 24.7 Armour
 + Level 16.8 Dodging
 - Level 5.0 Stealth
 - Level 18.1 Shields
 - Level 15.0 Spellcasting
 - Level 8.0 Hexes
 - Level 13.0 Translocations
 O Level 27 Invocations
 - Level 18.0 Evocations


You had 38 spell levels left.
You knew the following spells:

 Your Spells              Type           Power      Damage    Failure   Level
a - Blink                 Tloc           N/A        N/A       1%          2
b - Passage of Golubria   Tloc           N/A        N/A       1%          4
c - Lesser Beckoning      Tloc           23%        N/A       1%          3
d - Manifold Assault      Tloc           46%        N/A       4%          5
e - Portal Projectile     Hex/Tloc       78%        N/A       1%          3
f - Apportation           Tloc           92%        N/A       1%          1

Your spell library contained the following spells:

 Spells                   Type           Power      Damage    Failure   Level
 Corona                   Hex            35%        N/A       1%          1
 Gell's Gravitas          Tloc           23%        N/A       1%          3
 Teleport Other           Tloc           46%        N/A       1%          3
 Tukima's Dance           Hex            32%        N/A       3%          3
 Ensorcelled Hibernation  Hex/Ice        42%        N/A       9%          2
 Cause Fear               Hex            16%        N/A       12%         4
 Dazzling Flash           Conj/Hex       42%        N/A       19%         3
 Inner Flame              Hex/Fire       21%        N/A       19%         3
 Summon Guardian Golem    Hex/Summ       21%        N/A       19%         3
 Iskenderun's Mystic Bla  Conj/Tloc      28%        2d7       22%         4
 Dispersal                Tloc           23%        N/A       22%         6
 Animate Skeleton         Necr           20%        N/A       30%         1
 Beastly Appendage        Tmut           20%        N/A       30%         1
 Foxfire                  Conj/Fire      40%        2x1d6     30%         1
 Freeze                   Ice            40%        1d6       30%         1
 Magic Dart               Conj           40%        1d5       30%         1
 Sandblast                Erth           20%        2d7       30%         1
 Shock                    Conj/Air       40%        1d5       30%         1
 Sting                    Tmut/Pois      40%        1d5       30%         1
 Summon Small Mammal      Summ           40%        N/A       30%         1
 Call Imp                 Summ           10%        N/A       43%         2
 Passwall                 Tmut/Erth      8%         N/A       43%         2
 Poisonous Vapours        Pois/Air       20%        N/A       43%         2
 Searing Ray              Conj           20%        3d3       43%         2
 Static Discharge         Conj/Air       10%        N/A       43%         2
 Sublimation of Blood     Necr           5%         N/A       43%         2
 Wereblood                Tmut           10%        N/A       43%         2
 Fulminant Prism          Conj/Hex       10%        3d9       52%         4
 Leda's Liquefaction      Hex/Erth       10%        N/A       52%         4
 Summon Forest            Summ/Tloc      14%        N/A       52%         5
 Call Canine Familiar     Summ           10%        N/A       67%         3
 Frozen Ramparts          Ice            20%        1d4       67%         3
 Ignite Poison            Fire/Tmut/Pois 10%        N/A       67%         3
 Mephitic Cloud           Conj/Pois/Air  10%        N/A       67%         3
 Ozocubu's Armour         Ice            10%        N/A       67%         3
 Spider Form              Tmut/Pois      5%         N/A       67%         3
 Stone Arrow              Conj/Erth      20%        3d8       67%         3
 Swiftness                Air            10%        N/A       67%         3
 Metabolic Englaciation   Hex/Ice        10%        N/A       86%         5
 Silence                  Hex/Air        10%        N/A       86%         5
 Summon Mana Viper        Hex/Summ       21%        N/A       86%         5
 Yara's Violent Unravell  Hex/Tmut       10%        3d6       86%         5
 Invisibility             Hex            16%        N/A       87%         6
 Airstrike                Air            5%         N/A       97%         4
 Animate Armour           Summ/Erth      20%        N/A       97%         4
 Hailstorm                Conj/Ice       10%        3d5       97%         4
 Ice Form                 Ice/Tmut       10%        N/A       97%         4
 Olgreb's Toxic Radiance  Pois           10%        N/A       97%         4
 Petrify                  Tmut/Erth      10%        N/A       97%         4
 Sticky Flame             Conj/Fire      10%        2d3       97%         4
 Summon Ice Beast         Ice/Summ       10%        N/A       97%         4
 Summon Lightning Spire   Summ/Air       10%        N/A       97%         4
 Alistair's Intoxication  Tmut/Pois      6%         N/A       100%        5
 Blade Hands              Tmut           5%         N/A       100%        5
 Bolt of Magma            Conj/Fire/Erth 5%         4d5       100%        5
 Borgnjor's Vile Clutch   Necr/Erth      5%         N/A       100%        5
 Excruciating Wounds      Necr           5%         N/A       100%        5
 Fireball                 Conj/Fire      5%         3d5       100%        5
 Irradiate                Conj/Tmut      5%         3d15      100%        5
 Iskenderun's Battlesphe  Conj           10%        2d6       100%        5
 Lee's Rapid Deconstruct  Erth           5%         3d7*      100%        5
 Lightning Bolt           Conj/Air       5%         1d17      100%        5
 Conjure Ball Lightning   Conj/Air       5%         3x3d6     100%        6
 Eringya's Noxious Bog    Tmut/Pois      5%         N/A       100%        6
 Iron Shot                Conj/Erth      5%         9d2       100%        6
 Shadow Creatures         Summ           N/A        N/A       100%        6
 Simulacrum               Ice/Necr       5%         N/A       100%        6
 Starburst                Conj/Fire      5%         6d4       100%        6
 Statue Form              Tmut/Erth      6%         N/A       100%        6
 Dragon Form              Tmut           5%         N/A       100%        7
 Haunt                    Necr/Summ      5%         N/A       100%        7
 Malign Gateway           Summ/Tloc      14%        N/A       100%        7
 Monstrous Menagerie      Summ           5%         N/A       100%        7
 Orb of Destruction       Conj           5%         9d2       100%        7
 Spellforged Servitor     Conj/Summ      5%         N/A       100%        7
 Storm Form               Tmut/Air       5%         N/A       100%        7
 Summon Hydra             Summ           5%         N/A       100%        7
 Discord                  Hex            16%        N/A       100%        8
 Disjunction              Tloc           23%        N/A       100%        8
 Ignition                 Fire           5%         3d4       100%        8
 Lehudib's Crystal Spear  Conj/Erth      5%         10d3      100%        8
 Maxwell's Capacitive Co  Air            5%         ∞         100%        8
 Necromutation            Tmut/Necr      5%         N/A       100%        8
 Summon Horrible Things   Summ           5%         N/A       100%        8
 Dragon's Call            Summ           5%         N/A       100%        9
 Fire Storm               Conj/Fire      5%         8d1       100%        9
 Polar Vortex             Ice            5%         N/A       100%        9
 Shatter                  Erth           5%         3d8*      100%        9


Dungeon Overview and Level Annotations

Branches:
Dungeon (15/15)            Temple (1/1) D:7            Lair (6/6) D:9
 Shoals (4/4) Lair:2        Snake (4/4) Lair:3        Slime (5/5) Lair:6
    Orc (2/2) D:12            Elf (3/3) Orc:2        Vaults (5/5) D:13
  Crypt (3/3) Vaults:3       Tomb (3/3) Crypt:3      Depths (5/5) D:15
   Hell (visited)             Dis (7/7) Hell            Geh (7/7) Hell
    Coc (7/7) Hell            Tar (7/7) Hell            Zot (5/5) Depths:5
 Bailey (visited)           IceCv (visited)         Gauntlet (visited)

Altars:
Ashenzari
Cheibriados
Dithmenos
Elyvilon
Fedhas
Gozag
Hepliaklqana
Kikubaaqudgha
Makhleb
Nemelex Xobeh
Okawaru
Qazlal
Ru
Sif Muna
Trog
Uskayaw
Vehumet
Wu Jian
Xom
Yredelemnul
Zin
The Shining One
Jiyva

Shops:
D:3 *   D:5 ?   D:8 *   D:11 [   D:14 (!   Orc:2 (*!??(*?*   Elf:1 (   Elf:2 ?
Shoals:1 !   Snake:1 *   Snake:2 [   Vaults:1 *

Portals:
Hell: Depths:1 Depths:2 Depths:3 Depths:4 Depths:5
Abyss: Depths:1 Depths:4
Pandemonium: Depths:3
Ziggurat: Depths:4

Annotations:
D:3 1 runed translucent door
Vaults:3 2 transporters


Innate Abilities, Weirdness & Mutations

You are too large for most types of armour.
You have tough skin. (AC +1)
You have hoof-like feet.
You are partially covered in iridescent scales. (AC +2)
Your flesh is cold resistant. (rC+)
You are strong-willed. (Will+)
A frigid envelope surrounds you and freezes all who hurt you.
You sometimes lose the ability to read scrolls when taking damage.


Message History

You hit the hellwing but do no damage. You kick the hellwing.
The hellwing is lightly wounded.
You block the hellwing's attack. x2
You thrash the hellwing!!
The hellwing convulses!!
You kill the hellwing!
The Shining One accepts your kill. The smoke demon gestures at you.
Something smites you!
You climb upwards.
There is a stone staircase leading down, spattered with blood here.
Unknown command.
You see here a +0 flail.
Your magic seems less tainted.
You feel yourself speed up.
There is a stone staircase leading up here.
You climb upwards.
A cherub comes into view.
It is wielding a +2 scimitar of flaming.
There is a stone staircase leading down here.
Unknown command.
A seraph comes into view.
It is wielding a +6 great sword of flaming.
The seraph shouts!
The cherub unwields a +2 scimitar of flaming.
It stops flaming.
The cherub wields a +0 longbow.
The cherub shoots an arrow.
You block the arrow.
There is a stone staircase leading down here.
The seraph gestures.
The seraph begins to accept its allies' injuries.
The cherub sings a powerful hymn!
The seraph goes into a battle-frenzy!
The cherub shoots an arrow.
You block the arrow.
As you read the scroll of fog, it crumbles to dust.
The scroll dissolves into smoke.
Unknown command.
Your extra speed is starting to run out.
There is an escape hatch in the floor here.
You feel yourself slow down.
The seraph shouts a warning to its allies!
The seraph shouts a warning to its allies!
There is a staircase leading out of the dungeon here.
You have escaped!

#.#.#.#.....#.................#.#
......#.....###################.#
#...###.....##.........# #.#
......#.....##.#######.########.#
#..##.#.....##.# #.....#.........
......#####.##.# #.....###.####.#
#.........#.##.# #.....# #.# #.#
#.##.####....#.###.....# #.####.#
#.##.#########.#@#.##### #.#....#
#.##.#.......#.#.#.# #.#.####
#+##...#####.#.#.#.#######.#.#
...##..# #...#.#.........#.#
...##..# #######.#######.....#
...##..# #......A......#######
#†####.# #######.####### #.# #.#
#.# #.####.## #.#


You could see a seraph (catching breath).

Vanquished Creatures
  Cerebov (Pan)
  Antaeus (Coc:7)
  Asmodeus (Geh:7)
  Gloorx Vloq (Pan)
  the Royal Jelly (Slime:5)
  the Serpent of Hell (Dis:7)
  Ereshkigal (Tar:7)
  Lom Lobon (Pan)
  Mnoleg (Pan)
  3 dread liches
  Dispater (Dis:7)
  3 ancient liches
  4 orbs of fire (Zot:5)
  Mennas (Vaults:4)
  A juggernaut (Depths:4)
  23 royal mummies
  Frederick (Tomb:1)
  Boris (Tomb:1)
  3 shard shrikes
  The ghost of Gucom the Gnoll Aeon, a veteran GnFi of Cheibriados (Depths:5)
  Margery (Crypt:1)
  Saint Roka (Snake:2)
  Vashnia (Snake:2)
  5 Killer Klowns (Zot:5)
  5 pandemonium lords (Pan)
  A curse toe (Zot:5)
  Geryon (Hell)
  6 golden dragons
  Nikola (Elf:3)
  Jory (Tomb:1)
  A profane servitor (Crypt:2)
  7 bone dragons
  3 electric golems (Zot:5)
  5 iron giants
  3 hellephants (Depths:1)
  4 doom hounds
  14 Ice Fiends
  17 Brimstone Fiends
  13 Hell Sentinels
  9 liches
  20 Tzitzimimeh
  8 tentacled monstrosities
  19 acid blobs
  24 Orb Guardians
  11 deep elf blademasters
  2 quicksilver dragons
  6 deep elf master archers
  Murray (Depths:1)
  18 Executioners
  The ghost of Siwnyfek the Destroyer, an adept DgFE (Snake:2)
  3 krakens
  7 tentacled starspawn
  Gastronok (Lair:2)
  12 sphinxes
  25 titans
  12 shadow dragons
  20 ancient champions
  The ghost of Meoqees the Peltast, an adept MiFi of Okawaru (Shoals:3)
  9 storm dragons
  7 tengu reavers
  14 azure jellies
  2 draconian monks
  7 nagarajas (Snake:4)
  25 frost giants
  17 iron dragons
  33 fire giants
  11 rockslimes
  7 deep elf sorcerers
  7 ghost moths
  14 cacodemons
  13 vault wardens
  A draconian scorcher (Zot:1)
  A juggernaut zombie (Hell)
  4 warmongers
  5 draconian shifters
  Aizul (Lair:3)
  27 balrugs
  5 orc warlords
  14 ghouls
  5 spriggan defenders
  2 caustic shrike zombies (Hell)
  29 very ugly things
  26 stone giants
  5 deep elf elementalists
  4 curse skulls
  8 quicksilver oozes
  3 war gargoyles
  16 ironbound preservers
  3 draconian stormcallers
  The ghost of Ohine the Earth Mage, a journeyman GrEE of Vehumet (D:13)
  2 blood saints
  A juggernaut skeleton (Depths:1)
  43 reapers
  5 caustic shrike skeletons (Crypt:3)
  10 bennus
  3 black suns (Pan)
  2 corrupters (Pan)
  7 draconian annihilators
  8 deep elf demonologists
  5 elemental wellsprings
  9 vampire knights
  6 green draconians
  8 deep elf annihilators
  A minotaur (Gauntlet)
  4 white draconians
  6 lorocyprocas (Pan)
  3 purple draconians
  A minotaur (shapeshifter) (D:15)
  5 yellow draconians
  4 dire elephants
  7 black draconians
  28 blizzard demons
  2 spark wasps
  7 deep elf death magi
  16 green deaths
  26 mummy priests
  5 eidola
  4 red draconians
  29 ettins
  4 quicksilver dragon zombies
  4 deep elf high priests
  5 merfolk javelineers (Shoals:4)
  A crystal guardian (Vaults:4)
  11 fire dragons
  A kraken zombie (Coc:4)
  9 merfolk impalers
  Josephine (Lair:4)
  15 yaktaur captains
  13 naga warriors
  12 jiangshi
  34 ice dragons
  Harold (D:10)
  15 great orbs of eyes
  7 rakshasas
  7 ironbound thunderhulks
  2 monstrous demonspawn (Pan)
  3 merfolk avatars (Shoals:4)
  2 peacekeepers (Vaults:4)
  5 hell beasts
  3 spriggan air magi
  5 boulder beetles
  4 quicksilver dragon skeletons
  10 hydras
  4 salamander tyrants
  A ghost crab (Tar:7)
  5 ironbound frosthearts
  4 catoblepae
  2 alligator snapping turtles (Shoals:4)
  8 anacondas
  33 vault guards
  Erica (Lair:2)
  5 ogre magi
  9 two-headed ogres
  14 centaur warriors
  39 dancing weapons
  9 merfolk aquamancers
  9 deep troll earth magi
  3 death knights
  10 tengu warriors
  12 deep troll shamans
  A thrashing horror (Abyss:1)
  14 vampire magi
  3 titan zombies
  6 death yaks
  22 hell hogs
  30 naga sharpshooters
  10 shock serpents
  5 ironbound beastmasters
  83 death scarabs
  7 spriggan berserkers
  33 deep elf knights
  4 orc high priests
  5 wretched stars
  30 hell knights
  42 sun demons
  18 shadow wraiths
  39 soul eaters
  5 storm dragon zombies
  A spatial maelstrom (Abyss:2)
  16 sea snakes
  11 sixfirhies
  10 iron trolls
  17 titan skeletons
  An iron giant zombie (Crypt:1)
  118 skeletal warriors
  3 salamander mystics
  A death drake (shapeshifter) (Vaults:5)
  4 storm dragon skeletons
  A spark wasp zombie (Hell)
  10 bog bodies
  66 deep trolls
  2 golden dragon zombies
  9 anaconda zombies
  7 shadow dragon zombies
  5 torturous demonspawn
  2 ghost moth zombies
  3 gelid demonspawn (Pan)
  8 ironbound convokers
  13 flayed ghosts
  An entropy weaver zombie (Crypt:1)
  5 golden dragon skeletons
  29 deep elf archers
  5 infernal demonspawn
  23 shadow demons
  An orange crystal statue (Elf:1)
  19 phantasmal warriors
  A kraken simulacrum (Coc:2)
  9 glowing orange brains
  12 wizards
  6 naga ritualists
  2 obsidian statues
  An orb spider (Abyss:1)
  10 harpies
  37 deep elf pyromancers
  14 orc knights
  3 lindwurms
  41 deep elf zephyrmancers
  3 wolf spider zombies
  12 orc sorcerers
  6 mana vipers
  16 necromancers
  53 ugly things
  2 frost giant zombies
  7 stone giant zombies
  A wolf spider (D:15)
  9 anaconda skeletons
  A sphinx zombie (Crypt:1)
  A manticore (shapeshifter) (Vaults:5)
  6 iron dragon zombies
  14 cyclopes
  A cyclops (shapeshifter) (Vaults:4)
  19 fauns
  3 tengu skeletons
  6 shadow dragon skeletons
  8 moths of wrath
  4 iron dragon skeletons
  7 stone giant skeletons
  18 manticores
  A faun (shapeshifter) (D:15)
  3 fire giant zombies
  A guardian serpent (Snake:3)
  10 elephants (Lair:6)
  6 shining eyes
  2 worldbinders (Depths:1)
  A moth of wrath (shapeshifter) (Depths:5)
  13 salamanders
  3 ice statues
  14 merfolk sirens
  10 vault sentinels
  5 fire giant skeletons
  A shock serpent zombie (Coc:7)
  3 eyes of devastation
  A torpor snail (shapeshifter) (Depths:2)
  An apocalypse crab (Abyss:3)
  7 molten gargoyles
  28 black mambas
  3 frost giant skeletons
  16 rust devils
  21 naga magi
  18 water nymphs
  2 eyes of devastation (shapeshifter)
  An alligator snapping turtle zombie (Crypt:1)
  3 dire elephant zombies
  A black mamba (shapeshifter) (D:15)
  A torpor snail (Lair:3)
  A white draconian zombie (Dis:5)
  A gargoyle (D:13)
  A shock serpent skeleton (Dis:2)
  2 guardian serpents (shapeshifter)
  12 cane toads
  11 orange demons
  A black draconian zombie (Crypt:2)
  34 hellions
  3 rime drakes
  6 unseen horrors
  A catoblepas zombie (Dis:7)
  2 minotaur zombies
  A rime drake (shapeshifter) (D:15)
  A spriggan zombie (Hell)
  29 smoke demons
  2 dire elephant skeletons
  27 freezing wraiths
  A kobold demonologist (D:10)
  8 komodo dragons
  7 demonic crawlers
  A komodo dragon (shapeshifter) (D:15)
  A yaktaur (shapeshifter) (Vaults:5)
  A sea snake zombie (Hell)
  A white draconian skeleton (Geh:1)
  48 yaktaurs
  7 tengu conjurers
  31 tormentors
  6 efreet
  5 entropy weaver simulacra (IceCv)
  2 golden dragon simulacra
  A green draconian skeleton (Hell)
  A yaktaur skeleton (Vaults:4)
  17 hellwings
  2 ancient zymes (Abyss:1)
  A harpy zombie (Tar:5)
  A silent spectre (Abyss:3)
  4 anaconda simulacra
  60 guardian mummies
  39 ice devils
  27 red devils
  16 hydra zombies
  A queen bee (D:8)
  6 harpy skeletons
  4 trolls
  3 catoblepas skeletons
  A polar bear (shapeshifter) (D:15)
  10 hydra skeletons
  39 merfolk
  A wolf spider simulacrum (Hell)
  A merfolk (shapeshifter) (Depths:2)
  An alligator zombie (Hell)
  3 polar bears
  A wind drake (shapeshifter) (Vaults:3)
  3 hornets (Depths:4)
  9 wind drakes
  Grinder (D:6)
  A shadow dragon simulacrum (Hell)
  3 meliai zombies
  71 slime creatures
  2 raiju (Abyss:1)
  A guardian serpent zombie (Crypt:3)
  20 blink frogs
  3 dream sheep (Shoals:2)
  5 snapping turtles
  6 ice dragon zombies
  12 small abominations
  An iron dragon simulacrum (Tomb:2)
  2 deep troll zombies (Hell)
  5 fire dragon zombies
  2 fire giant simulacra
  A stone giant simulacrum (Vaults:4)
  4 fire dragon skeletons
  2 frost giant simulacra
  A black mamba zombie (Dis:4)
  Sigmund (D:3)
  12 ettin zombies
  12 air elementals
  109 flying skulls
  A centaur simulacrum (D:15)
  A redback (shapeshifter) (Depths:2)
  3 spriggans (Depths:4)
  2 yaks (shapeshifter) (D:15)
  15 shadows
  2 alligator skeletons
  6 ettin skeletons
  2 spriggans (shapeshifter)
  3 wyverns
  31 wraiths
  15 ynoxinuls
  8 ice dragon skeletons
  55 water elementals
  6 spriggan simulacra (IceCv)
  Eustachio (D:5)
  30 yaks
  10 ushabtiu
  15 neqoxecs
  15 fire elementals
  2 golden eyes (shapeshifter)
  14 golden eyes
  4 basilisks
  19 chaos spawn
  8 vampire mosquitoes
  9 minotaur simulacra (IceCv)
  3 steam dragons
  A harpy simulacrum (IceCv)
  33 nagas
  A sea snake simulacrum (Hell)
  2 elf skeletons
  A spatial vortex (Abyss:2)
  A water nymph zombie (Crypt:3)
  3 swamp worms (Gauntlet)
  11 wargs
  27 large abominations
  A merfolk zombie (Crypt:1)
  5 hydra simulacra
  46 hell hounds
  Duvessa (D:5)
  6 ice beasts
  A floating eye (shapeshifter) (Depths:3)
  41 orc warriors
  11 water moccasins
  A cane toad skeleton (Coc:4)
  3 alligator simulacra (IceCv)
  6 cane toad zombies
  5 floating eyes
  4 black bears
  2 sky beasts
  2 ettin simulacra
  A swamp dragon zombie (Coc:1)
  2 manticore zombies
  7 snapping turtle zombies
  A blink frog zombie (Crypt:1)
  An ice dragon simulacrum (Depths:1)
  16 boggarts
  16 wolves
  A black mamba simulacrum (Hell)
  15 necrophages
  9 ogres
  A tengu (shapeshifter) (Vaults:5)
  23 centaurs
  A centaur (shapeshifter) (D:15)
  3 snapping turtle skeletons
  A rime drake zombie (Crypt:1)
  A blink frog skeleton (Crypt:3)
  2 manticore skeletons
  7 phantoms
  An elf zombie (Dis:2)
  2 yaktaur zombies
  22 kobold brigands
  13 bullfrogs
  4 human zombies
  8 deep troll simulacra (IceCv)
  Dowan (D:5)
  4 earth elementals
  3 gnoll sergeants
  A cane toad simulacrum (Hell)
  4 scorpions
  2 water moccasin skeletons
  4 troll zombies
  The ghost of drbonez the Shield-Bearer, a weakling MiFi (D:3)
  3 lindwurm simulacra (IceCv)
  A polar bear zombie (Crypt:2)
  A yak zombie (Crypt:2)
  13 killer bees (D:8)
  75 wights
  4 electric eels
  2 howler monkeys
  5 crimson imps
  A bullfrog zombie (D:5)
  5 centaur zombies
  7 starcursed masses (Abyss:1)
  2 quasits
  24 orc priests
  2 hounds
  3 jellies (D:13)
  2 bullfrog skeletons
  A demonspawn zombie (Crypt:3)
  6 centaur skeletons
  16 iron imps
  A human skeleton (Coc:6)
  30 orc wizards
  A sky beast zombie (Crypt:1)
  5 ogre zombies (D:12)
  2 naga zombies
  2 hound zombies
  A hound skeleton (D:4)
  44 mummies
  11 gnolls
  A river rat (D:3)
  9 adders
  A river rat (shapeshifter) (D:15)
  6 shadow imps
  19 white imps
  3 ufetubi (Abyss:1)
  An adder skeleton (D:4)
  A halfling skeleton (Crypt:3)
  A worm (D:3)
  A dart slug (D:4)
  114 orcs
  9 ball pythons
  2 bat zombies (D:11)
  6 endoplasms
  6 giant cockroaches
  20 goblins
  9 hobgoblins
  2 jackals (D:4)
  4 quokkas
  7 bats
  2 goblin skeletons (D:12)
  2 goblin zombies (D:12)
  A hobgoblin skeleton (Crypt:2)
  4 hobgoblin zombies (D:12)
  41 kobolds
  A kobold zombie (Tar:7)
  An orc skeleton (D:12)
  16 orc zombies (D:12)
  4 rats
  A rat zombie (D:11)
  A fire vortex (Pan)
  3 starspawn tentacles (Abyss:1)
  4 tentacles
4552 creatures vanquished.

Vanquished Creatures (collateral kills)
  A dread lich (Zot:5)
  A Killer Klown (Zot:5)
  A golden dragon (Zot:5)
  3 Brimstone Fiends
  4 tentacled monstrosities
  A Hell Sentinel (Dis:7)
  An Ice Fiend (Coc:7)
  3 Orb Guardians (Zot:5)
  A quicksilver dragon (Vaults:5)
  2 titans (Vaults:5)
  An ancient champion (Dis:7)
  A death cob (Zot:5)
  A sphinx (Vaults:5)
  2 draconian knights
  A fire giant (Vaults:5)
  3 draconian shifters
  A draconian annihilator (Zot:1)
  3 stone giants
  A vampire knight (Depths:1)
  5 reapers
  A war gargoyle (Vaults:5)
  A green draconian (Zot:1)
  A yellow draconian (Zot:5)
  A black draconian (Zot:3)
  A red draconian (Zot:5)
  3 blizzard demons (Coc:7)
  An ettin (Vaults:5)
  A deep elf high priest (Vaults:5)
  A quicksilver dragon zombie (Dis:7)
  2 yaktaur captains (Vaults:5)
  A quicksilver dragon skeleton (Pan)
  A vault guard (Vaults:5)
  An ironbound frostheart (Vaults:5)
  3 hell hogs
  A deep troll earth mage (Vaults:5)
  A sun demon (Geh:7)
  A titan zombie (Tar:7)
  A naga sharpshooter (Snake:2)
  2 iron trolls (Dis:7)
  3 skeletal warriors (Coc:7)
  2 shadow wraiths (Tar:7)
  A shadow demon (Tar:7)
  A phantasmal warrior (Vaults:5)
  A deep elf archer (Slime:4)
  An orc knight (Vaults:5)
  A stone giant zombie (Tar:7)
  A moth of wrath (Zot:5)
  A frost giant skeleton (Pan)
  A vault sentinel (Vaults:5)
  A hellion (Tar:7)
  A demonic crawler (Pan)
  2 ice devils
  A red devil (Geh:7)
  An ettin zombie (Dis:7)
  3 flying skulls
  A wraith (Geh:7)
  5 hell hounds
  A swamp dragon zombie (Coc:7)
  2 orc wizards
93 creatures vanquished.

Vanquished Creatures (others)
  A titan (Slime:4)
  2 eldritch tentacles
  A sphinx (Tomb:1)
  A merfolk aquamancer (Shoals:4)
  2 hell hogs (Depths:1)
  A sun demon (Pan)
  3 deep elf knights
  A skeletal warrior (Coc:7)
  A wizard (Vaults:4)
  A harpy (Shoals:3)
  2 deep elf zephyrmancers
  A smoke demon (Pan)
  A yaktaur (Vaults:5)
  A guardian mummy (Tomb:1)
  A stone giant simulacrum (Crypt:2)
  A hell hound (Geh:6)
  A necrophage (Geh:1)
  2 wights (Geh:1)
  A crimson imp (Geh:7)
  4 orcs
  A kobold (D:9)
  10 ball lightnings (Pan)
  36 fungi
  A lurking horror (Abyss:1)
  237 plants
  6 starspawn tentacles (Abyss:1)
  30 tentacles
350 creatures vanquished.

Grand Total: 4995 creatures vanquished

Notes
Turn   | Place    | Note
-------+----------+-------------------------------------------
     0 | D:1      | Flure the Ogre Hunter began the quest for the Orb.
     0 | D:1      | Reached XP level 1. HP: 22/22 MP: 1/1
   151 | D:1      | Reached XP level 2. HP: 25/29 MP: 2/2
   315 | D:1      | Reached skill level 1 in Stealth
   319 | D:1      | Found a faded altar of an unknown god.
   609 | D:1      | Reached XP level 3. HP: 34/37 MP: 3/3
   662 | D:1      | Reached skill level 1 in Shields
  1645 | D:2      | Reached XP level 4. HP: 36/45 MP: 4/4
  1895 | D:2      | Found a shadowy altar of Dithmenos.
  2271 | D:3      | Found Riefiaxt's General Store.
  2274 | D:3      | Bought 2 potions of curing for 60 gold pieces
  2274 | D:3      | Bought a potion of degeneration for 10 gold pieces
  2274 | D:3      | Bought a scroll of noise for 10 gold pieces
  2443 | D:3      | Reached skill level 5 in Throwing
  2455 | D:3      | Reached XP level 5. HP: 23/53 MP: 5/5
  2650 | D:3      | Found a runed translucent door.
  2656 | D:3      | Noticed drbonez's ghost (weakling MiFi)
  2696 | D:3      | Noticed Sigmund
  3756 | D:3      | Found a runed translucent door.
  3837 | D:4      | Reached XP level 6. HP: 13/61 MP: 6/6
  4919 | D:4      | Found a hazy altar of Hepliaklqana.
  5366 | D:4      | Reached skill level 1 in Maces & Flails
  5366 | D:4      | Reached XP level 7. HP: 67/67 MP: 7/7
  5398 | D:4      | Found a sacrificial altar of Ru.
  6067 | D:3      | Killed Sigmund
  6376 | D:3      | Killed drbonez's ghost
  6661 | D:4      | Found a faded altar of an unknown god.
  6683 | D:5      | Entered Level 5 of the Dungeon
  6978 | D:5      | Found an ancient bone altar of Kikubaaqudgha.
  6987 | D:5      | Reached XP level 8. HP: 75/75 MP: 8/8
  7103 | D:5      | Found a sparkling altar of Nemelex Xobeh.
  7224 | D:5      | Noticed Duvessa
  7224 | D:5      | Noticed Dowan
  7245 | D:5      | Killed Duvessa
  7246 | D:5      | Reached skill level 5 in Shields
  7255 | D:5      | Killed Dowan
  7624 | D:5      | Found an iron altar of Okawaru.
  7683 | D:5      | Reached skill level 5 in Maces & Flails
  7833 | D:5      | Noticed Eustachio
  7855 | D:5      | Killed Eustachio
  8272 | D:5      | Found Funaojeroy's Magic Scroll Boutique.
  8381 | D:5      | Bought a scroll of teleportation for 33 gold pieces
  8537 | D:5      | Reached XP level 9. HP: 81/81 MP: 9/9
  9336 | D:6      | Noticed a boulder beetle
  9363 | D:6      | Killed a boulder beetle
 10067 | D:6      | Noticed Grinder
 10102 | D:6      | Killed Grinder
 10103 | D:6      | Reached XP level 10. HP: 54/91 MP: 10/10
 10808 | D:6      | Identified the +1 scale mail "Gowuneef" {Slay+2}
 11971 | D:7      | Found a staircase to the Ecumenical Temple.
 11980 | Temple   | Entered the Ecumenical Temple
 12887 | D:8      | Found Ussywef's Changing Room.
 12994 | D:8      | Noticed a two-headed ogre
 13008 | D:8      | Killed a two-headed ogre
 13009 | D:8      | Reached skill level 10 in Maces & Flails
 13230 | D:8      | Noticed a two-headed ogre
 13371 | D:8      | Killed a two-headed ogre
 13667 | D:8      | Reached XP level 11. HP: 80/97 MP: 11/11
 14524 | D:5      | Bought a scroll of enchant weapon for 82 gold pieces
 14524 | D:5      | Bought a scroll of brand weapon for 220 gold pieces
 14592 | D:5      | Became a worshipper of Warmaster Okawaru
 14726 | D:9      | Noticed a two-headed ogre
 14744 | D:9      | Killed a two-headed ogre
 14782 | D:9      | Found a flagged portal.
 14794 | Bailey   | Entered a bailey
 14800 | Bailey   | Noticed an orc knight
 15315 | Bailey   | Killed an orc knight
 15315 | Bailey   | Reached * piety under Okawaru
 15447 | Bailey   | Identified the +0 hat "Zasuaf" {rElec rC+++ Str+3}
 15551 | D:9      | Reached skill level 1 in Armour
 15805 | D:9      | Found a staircase to the Lair.
 15871 | D:9      | Found a broken altar of Ashenzari.
 15953 | D:9      | Found an ornate altar of the Wu Jian Council.
 16485 | D:10     | Entered Level 10 of the Dungeon
 16551 | D:10     | Reached ** piety under Okawaru
 16598 | D:10     | Identified the +7 falchion of Buec {vamp, Int+4 Dex+2 SInv}
 16785 | D:10     | Noticed Harold
 16840 | D:10     | Killed Harold
 16841 | D:10     | Reached skill level 5 in Fighting
 16930 | D:10     | Reached *** piety under Okawaru
 16954 | D:10     | Reached XP level 12. HP: 33/113 MP: 12/12
 17912 | D:11     | Noticed a two-headed ogre
 17930 | D:11     | Killed a two-headed ogre
 18133 | D:11     | Reached **** piety under Okawaru
 18545 | D:11     | Found Pethaig's Armour Boutique.
 18818 | D:11     | Found an ancient bone altar of Kikubaaqudgha.
 18869 | D:11     | Noticed a two-headed ogre
 18882 | D:11     | Killed a two-headed ogre
 18883 | D:11     | Reached skill level 1 in Evocations
 19203 | Lair:1   | Entered Level 1 of the Lair of Beasts
 19275 | Lair:1   | Received a gift from Okawaru
 19457 | Lair:1   | Noticed a four-headed hydra
 19466 | Lair:1   | Received a gift from Okawaru
 19502 | Lair:1   | Killed a four-headed hydra
 19502 | Lair:1   | Reached ***** piety under Okawaru
 19503 | Lair:1   | Reached skill level 1 in Invocations
 19580 | Lair:1   | Noticed a six-headed hydra
 19580 | Lair:1   | Noticed a seven-headed hydra
 19597 | Lair:1   | Killed a six-headed hydra
 19602 | Lair:1   | Killed a seven-headed hydra
 19602 | Lair:1   | Received a gift from Okawaru
 19654 | Lair:1   | Got the Disquisition on Shape Shifting
 19814 | Lair:1   | Received a gift from Okawaru
 20143 | Lair:2   | Reached XP level 13. HP: 121/124 MP: 15/15
 20221 | Lair:2   | Reached skill level 5 in Armour
 20353 | Lair:2   | Noticed Erica
 20380 | Lair:2   | Received a gift from Okawaru
 20389 | Lair:2   | Killed Erica
 20401 | Lair:2   | Reached skill level 5 in Invocations
 20544 | Lair:2   | Found a staircase to the Shoals.
 20569 | Lair:2   | Noticed Gastronok
 20636 | Lair:2   | Killed Gastronok
 21112 | Lair:3   | Received a gift from Okawaru
 21336 | Lair:3   | Found a glowing silver altar of Zin.
 21365 | Lair:3   | Identified the +8 morningstar of Okawaru's Approval
                  | {vorpal, Int+7 Dex+4} (Okawaru gifted it to you on level 3
                  | of the Lair of Beasts)
 21365 | Lair:3   | Received a gift from Okawaru
 21395 | Lair:3   | Found a staircase to the Snake Pit.
 21449 | Lair:3   | HP: 4/124 [naga (16)]
 21449 | Lair:3   | HP: 1/124 [constriction (3)]
 22592 | Lair:4   | Noticed Josephine
 22608 | Lair:4   | Killed Josephine
 22608 | Lair:4   | Received a gift from Okawaru
 22866 | Lair:4   | Reached XP level 14. HP: 132/133 MP: 15/18
 22876 | Lair:4   | Reached ****** piety under Okawaru
 23246 | Lair:5   | Found a gate leading to a gauntlet.
 23255 | Gauntlet | Entered a Gauntlet
 23255 | Gauntlet | Found a transporter.
 23263 | Gauntlet | Found a transporter.
 23264 | Gauntlet | Found a transporter.
 23272 | Gauntlet | Found a transporter.
 23276 | Gauntlet | Found a transporter.
 23284 | Gauntlet | Found a transporter.
 23288 | Gauntlet | Found a transporter.
 23296 | Gauntlet | Found a transporter.
 23300 | Gauntlet | Found a transporter.
 23305 | Gauntlet | Noticed a reaper
 23308 | Gauntlet | Found a transporter.
 23331 | Gauntlet | Found a transporter.
 23343 | Gauntlet | Found a transporter.
 23356 | Gauntlet | Found a transporter.
 23369 | Gauntlet | Found a transporter.
 24044 | Gauntlet | Killed a reaper
 24052 | Gauntlet | Identified the +0 hat "Somar" {rElec}
 24068 | Gauntlet | Received a gift from Okawaru
 24100 | Gauntlet | Got the Almanac of the Voyage
 24107 | Gauntlet | Identified a scroll of acquirement
 24290 | Lair:5   | Received a gift from Okawaru
 24926 | Lair:6   | Entered Level 6 of the Lair of Beasts
 24995 | Lair:6   | Found a viscous altar of Jiyva.
 24995 | Lair:6   | Found a staircase to the Slime Pits.
 25022 | Lair:6   | Reached skill level 15 in Maces & Flails
 26455 | Lair:6   | Received a gift from Okawaru
 26461 | Lair:6   | Received a gift from Okawaru
 26629 | Lair:6   | Identified the +0 gold dragon scales "Ozaosom" {-Cast Fly
                  | rPois rF+ rC+ rCorr Str+3 Dex+3} (Okawaru gifted it to you
                  | on level 6 of the Lair of Beasts)
 26629 | Lair:6   | Received a gift from Okawaru
 27305 | D:12     | Found a staircase to the Orcish Mines.
 28089 | D:12     | Reached XP level 15. HP: 53/146 MP: 19/19
 28768 | Lair:1   | Acquired a +0 eveningstar of distortion
 28773 | Lair:1   | Acquired 850 gold pieces
 28847 | Orc:1    | Entered Level 1 of the Orcish Mines
 29246 | Orc:2    | Entered Level 2 of the Orcish Mines
 29274 | Orc:2    | Found Itukun's General Store.
 29422 | Orc:2    | Noticed an orc warlord
 29448 | Orc:2    | Killed an orc warlord
 30061 | Orc:2    | Found Dappegi's Magic Scroll Shop.
 30070 | Orc:2    | Found a staircase to the Elven Halls.
 30113 | Orc:2    | Found Obokuset's Assorted Antiques.
 30118 | Orc:2    | Found Pejerch's Magic Scroll Shop.
 30122 | Orc:2    | Bought a long gold wand for 104 gold pieces
 30124 | Orc:2    | Bought a scroll of enchant weapon for 82 gold pieces
 30124 | Orc:2    | Found Qaebio's Magic Scroll Shop.
 30126 | Orc:2    | Found Petomyoc's Antique Weapon Emporium.
 30132 | Orc:2    | Bought a scroll of brand weapon for 340 gold pieces
 30132 | Orc:2    | Bought a scroll of enchant weapon for 127 gold pieces
 30132 | Orc:2    | Bought a scroll of enchant weapon for 127 gold pieces
 30370 | Orc:2    | Found Jyugotue's Antique Weapon Boutique.
 30378 | Orc:2    | Bought an encrusted whip for 240 gold pieces
 30378 | Orc:2    | Identified the +7 whip "Amirokk" {distort, rElec rF+ Will+}
                  | (You bought it in a shop on level 2 of the Orcish Mines)
 30410 | Orc:2    | Found Wianeif's Distillery.
 30417 | Orc:2    | Bought a potion of experience for 700 gold pieces
 30417 | Orc:2    | Bought a potion of berserk rage for 70 gold pieces
 30417 | Orc:2    | Bought a potion of berserk rage for 70 gold pieces
 30417 | Orc:2    | Bought a potion of haste for 140 gold pieces
 30418 | Orc:2    | Found Taetec's Assorted Antiques.
 30430 | Orc:2    | Bought a wand of acid (7) for 264 gold pieces
 30430 | Orc:2    | Bought a scroll labelled TEFASH QOXEO for 33 gold pieces
 30430 | Orc:2    | Bought a sedimented cyan potion for 29 gold pieces
 30430 | Orc:2    | Bought a twisted lapis lazuli amulet for 165 gold pieces
 30506 | Orc:2    | Bought a glass ring for 165 gold pieces
 30506 | Orc:2    | Bought a marble ring for 165 gold pieces
 30530 | Orc:1    | Noticed an orc warlord
 30577 | Orc:1    | Killed an orc warlord
 30577 | Orc:1    | Received a gift from Okawaru
 30578 | Orc:1    | Reached skill level 1 in Spellcasting
 30765 | Orc:1    | Reached XP level 16. HP: 156/156 MP: 20/20
 31290 | D:5      | Bought a scroll of fog for 22 gold pieces
 31290 | D:5      | Bought a scroll of fear for 38 gold pieces
 31290 | D:5      | Bought a scroll of enchant armour for 82 gold pieces
 31290 | D:5      | Bought a scroll of teleportation for 33 gold pieces
 31623 | D:13     | Reached skill level 10 in Armour
 31833 | D:13     | Received a gift from Okawaru
 32077 | D:13     | Reached skill level 10 in Throwing
 32126 | D:13     | Found a gate to the Vaults.
 32396 | D:13     | Found a runed translucent gate.
 32397 | D:13     | Found a runed translucent gate.
 32398 | D:13     | Found a runed translucent gate.
 32399 | D:13     | Noticed Ohine's ghost (journeyman GrEE)
 32403 | D:13     | Found a viscous altar of Jiyva.
 32913 | D:14     | Received a gift from Okawaru
 32948 | D:14     | Acquired a manual of Evocations
 32950 | D:14     | Acquired a manual of Armour
 32952 | D:14     | Acquired 996 gold pieces
 33160 | D:15     | Entered Level 15 of the Dungeon
 33332 | D:14     | Found Ufeadeur's Distillery.
 33335 | D:14     | Bought a potion of berserk rage for 60 gold pieces
 33335 | D:14     | Bought a potion of heal wounds for 60 gold pieces
 33335 | D:14     | Bought a potion of heal wounds for 60 gold pieces
 33335 | D:14     | Bought a potion of heal wounds for 60 gold pieces
 33335 | D:14     | Bought a potion of invisibility for 96 gold pieces
 33358 | D:14     | Reached skill level 5 in Spellcasting
 33616 | D:14     | Found Omeajiu's Weapon Boutique.
 34295 | D:15     | Reached XP level 17. HP: 133/162 MP: 20/24
 34685 | D:15     | Found a staircase to the Depths.
 34742 | D:15     | Found a basalt altar of Yredelemnul.
 34742 | D:15     | Found a burning altar of Makhleb.
 34743 | D:15     | Found an iron altar of Okawaru.
 34781 | D:15     | Received a gift from Okawaru
 35101 | D:15     | Reached skill level 5 in Evocations
 35347 | D:15     | Received a gift from Okawaru
 35652 | D:15     | Identified the +0 pair of boots of Precision Catastrophes
                  | {+Inv SInv}
 36333 | D:15     | Found the +3 pair of gauntlets of War {Slay+5}
 36614 | D:15     | Noticed a sphinx
 36620 | D:15     | Killed a sphinx
 36794 | D:13     | Killed Ohine's ghost
 36794 | D:13     | Received a gift from Okawaru
 36813 | D:13     | Identified the +1 robe of Sovis {Will+ Regen+ Str-4 SInv}
 37012 | Snake:1  | Entered Level 1 of the Snake Pit
 37882 | Snake:1  | Noticed Aizul
 37895 | Snake:1  | Received a gift from Okawaru
 37911 | Lair:3   | HP: 8/163 [Aizul/bolt of poison (12)]
 37915 | Lair:2   | HP: 2/163 [poisoned by Aizul (bolt of poison)]
 38334 | Lair:3   | Killed Aizul
 38369 | Snake:1  | Reached XP level 18. HP: 81/172 MP: 14/25
 38906 | Snake:1  | Found Omeufis's General Store.
 38909 | Snake:1  | Bought a potion of brilliance for 48 gold pieces
 38909 | Snake:1  | Bought a potion of heal wounds for 60 gold pieces
 38909 | Snake:1  | Bought a potion of might for 48 gold pieces
 38910 | Snake:1  | Found a burning altar of Makhleb.
 40012 | Snake:2  | Noticed Saint Roka
 40024 | Snake:2  | Reached skill level 10 in Fighting
 40029 | Snake:2  | Killed Saint Roka
 40450 | Snake:2  | Found a runed translucent door.
 40457 | Snake:2  | Found Xoism's Armour Emporium.
 40458 | Snake:2  | Noticed Siwnyfek's ghost (adept DgFE)
 40499 | Snake:2  | Killed Siwnyfek's ghost
 40499 | Snake:2  | Received a gift from Okawaru
 40503 | Snake:2  | Identified the +7 dagger "Gedugon" {drain, Dex+2}
 40506 | Snake:2  | Identified the +6 morningstar "Qatheken" {vorpal, rF+ Str+6
                  | SInv}
 40777 | Snake:2  | Reached skill level 5 in Dodging
 41503 | Snake:2  | Noticed Vashnia
 41543 | Snake:2  | Killed Vashnia
 42788 | Snake:3  | Received a gift from Okawaru
 42986 | Snake:3  | Reached skill level 10 in Shields
 43095 | Snake:3  | Received a gift from Okawaru
 43405 | Snake:4  | Entered Level 4 of the Snake Pit
 43470 | Snake:4  | Reached skill level 10 in Evocations
 43777 | Snake:4  | Found a frozen archway.
 43793 | IceCv    | Entered an ice cave
 44012 | IceCv    | Received a gift from Okawaru
 44384 | IceCv    | Received a gift from Okawaru
 44496 | IceCv    | Noticed an Ice Fiend
 44514 | IceCv    | Killed an Ice Fiend
 45021 | Snake:4  | Reached XP level 19. HP: 176/182 MP: 24/26
 45111 | Snake:4  | Received a gift from Okawaru
 45634 | Snake:4  | Reached skill level 15 in Armour
 46230 | Snake:4  | Received a gift from Okawaru
 46670 | Snake:4  | Received a gift from Okawaru
 47243 | Snake:4  | Received a gift from Okawaru
 47435 | Snake:4  | Got a serpentine rune of Zot
 47883 | Shoals:1 | Entered Level 1 of the Shoals
 47956 | Shoals:1 | Found Reesuess's Distillery.
 48382 | Shoals:1 | Received a gift from Okawaru
 49728 | Shoals:2 | Identified the ring of Nimeor {Will- rCorr Dex+6 Stlth+}
 50533 | Shoals:2 | Reached XP level 20. HP: 154/193 MP: 22/27
 51060 | Shoals:3 | Received a gift from Okawaru
 51107 | Shoals:3 | Found a transporter.
 51109 | Shoals:3 | Found a transporter.
 51110 | Shoals:3 | Noticed Meoqees's ghost (adept MiFi)
 52413 | Shoals:3 | Killed Meoqees's ghost
 52786 | Shoals:3 | Identified the ring "Noed" {rElec rF- rN+ rCorr Dex+2}
 52957 | Shoals:4 | Entered Level 4 of the Shoals
 53762 | Shoals:4 | Paralysed by an air elemental for 1 turns
 53814 | Shoals:4 | HP: 7/198 [merfolk javelineer/javelin (10)]
 54407 | Shoals:4 | Paralysed by an air elemental for 1 turns
 54495 | Shoals:4 | Paralysed by an air elemental for 1 turns
 54503 | Shoals:4 | Received a gift from Okawaru
 55006 | Shoals:4 | Got a barnacled rune of Zot
 55013 | Shoals:4 | Identified the ring "Zoquzi" {rPois Will++ Str+6 Int+2
                  | Stlth+}
 55014 | Shoals:4 | Identified the +1 robe of Dithmenos's Respect {Dex+2}
 55198 | Shoals:4 | Paralysed by an air elemental for 1 turns
 55203 | Shoals:4 | Received a gift from Okawaru
 55206 | Shoals:4 | Paralysed by an air elemental for 1 turns
 55556 | Shoals:4 | Paralysed by an air elemental for 1 turns
 55777 | Shoals:4 | Paralysed by an air elemental for 1 turns
 55782 | Shoals:4 | Paralysed by an air elemental for 1 turns
 55792 | Shoals:4 | Paralysed by an air elemental for 1 turns
 56234 | Shoals:1 | Bought a potion of curing for 48 gold pieces
 56234 | Shoals:1 | Bought a potion of heal wounds for 80 gold pieces
 56234 | Shoals:1 | Bought a potion of flight for 48 gold pieces
 56234 | Shoals:1 | Bought a potion of might for 64 gold pieces
 56234 | Shoals:1 | Bought a potion of curing for 48 gold pieces
 56234 | Shoals:1 | Bought 2 potions of curing for 96 gold pieces
 56234 | Shoals:1 | Bought a potion of haste for 160 gold pieces
 56472 | Elf:1    | Entered Level 1 of the Elven Halls
 56559 | Elf:1    | Found Becazig's Antique Weapon Shop.
 56654 | Elf:1    | Reached XP level 21. HP: 134/209 MP: 18/28
 56657 | Elf:1    | Received a gift from Okawaru
 56929 | Elf:1    | Found a runed translucent gate.
 56929 | Elf:1    | Found a runed translucent gate.
 56929 | Elf:1    | Found a runed translucent gate.
 56929 | Elf:1    | Found a runed translucent gate.
 56929 | Elf:1    | Found a runed translucent gate.
 56932 | Elf:1    | Found a runed translucent gate.
 56943 | Elf:1    | Got Waiwnac's Papyrus of Bewitching Ignition
 57991 | Elf:1    | Reached skill level 15 in Shields
 59065 | Elf:2    | Paralysed by an air elemental for 1 turns
 59285 | Elf:2    | Found Yxuivi's Magic Scroll Shoppe.
 59329 | Elf:2    | Received a gift from Okawaru
 59819 | Elf:2    | Received a gift from Okawaru
 59826 | Elf:2    | Found a runed translucent gate.
 59826 | Elf:2    | Found a runed translucent gate.
 59826 | Elf:2    | Found a runed translucent gate.
 60751 | Elf:2    | Reached XP level 22. HP: 209/215 MP: 29/29
 61055 | Elf:2    | Bought a scroll of teleportation for 36 gold pieces
 61055 | Elf:2    | Bought a scroll of holy word for 90 gold pieces
 61055 | Elf:2    | Bought a scroll of enchant armour for 90 gold pieces
 61055 | Elf:2    | Bought a scroll of enchant weapon for 90 gold pieces
 61055 | Elf:2    | Bought a scroll of enchant weapon for 90 gold pieces
 61055 | Elf:2    | Bought a scroll of magic mapping for 42 gold pieces
 61652 | Elf:3    | Entered Level 3 of the Elven Halls
 62566 | Elf:3    | Noticed Nikola
 62596 | Elf:3    | Killed Nikola
 62596 | Elf:3    | Received a gift from Okawaru
 62690 | Elf:3    | Received a gift from Okawaru
 63150 | Elf:3    | Got the Catalogue of Kismet
 63156 | Elf:3    | Got the Almanac of Poisoning and Cold
 63166 | Elf:3    | Identified the ring of the Robin {rElec rF- rCorr MP+9
                  | Str+4}
 63168 | Elf:3    | Identified the ring of Propriety {rCorr Str+6 Int+5}
 63174 | Elf:3    | Identified the +0 buckler of the Present {Fly rC+ rN++
                  | Dex-4}
 63395 | Orc:2    | Bought a scroll of magic mapping for 38 gold pieces
 63395 | Orc:2    | Bought a scroll of magic mapping for 38 gold pieces
 63395 | Orc:2    | Bought a scroll of holy word for 82 gold pieces
 63395 | Orc:2    | Bought a scroll of immolation for 38 gold pieces
 63395 | Orc:2    | Bought a scroll of teleportation for 33 gold pieces
 63395 | Orc:2    | Bought a scroll of summoning for 104 gold pieces
 63395 | Orc:2    | Bought a scroll of summoning for 104 gold pieces
 63395 | Orc:2    | Bought a scroll of fear for 38 gold pieces
 63446 | Orc:2    | Bought 3 scrolls of magic mapping for 115 gold pieces
 63446 | Orc:2    | Bought a scroll of immolation for 38 gold pieces
 63446 | Orc:2    | Bought a scroll of fear for 38 gold pieces
 63446 | Orc:2    | Bought a scroll of teleportation for 33 gold pieces
 63446 | Orc:2    | Bought a scroll of immolation for 38 gold pieces
 63448 | Orc:2    | Bought a scroll of magic mapping for 91 gold pieces
 63448 | Orc:2    | Bought a wand of iceblast (10) for 104 gold pieces
 63458 | Orc:2    | Bought a scroll of enchant armour for 127 gold pieces
 63458 | Orc:2    | Bought a scroll of fog for 34 gold pieces
 63458 | Orc:2    | Bought a scroll of enchant armour for 127 gold pieces
 63458 | Orc:2    | Bought a scroll of immolation for 59 gold pieces
 63460 | Orc:2    | Bought a crude hunting sling for 201 gold pieces
 63460 | Orc:2    | Identified the +9 hunting sling "Arbiter" {venom, Str-2
                  | Int+5} (You bought it in a shop on level 2 of the Orcish
                  | Mines)
 63578 | Vaults:1 | Entered Level 1 of the Vaults
 63695 | Vaults:1 | Found Detzuov's Assorted Antiques.
 63711 | Vaults:1 | Bought a potion of invisibility for 336 gold pieces
 63711 | Vaults:1 | Bought a wand of acid (12) for 336 gold pieces
 63711 | Vaults:1 | Bought a potion of mutation for 336 gold pieces
 64671 | Vaults:1 | Reached skill level 10 in Dodging
 64870 | Vaults:1 | Received a gift from Okawaru
 65198 | Vaults:2 | Reached XP level 23. HP: 218/232 MP: 28/30
 65288 | Vaults:2 | Received a gift from Okawaru
 65589 | Vaults:2 | Identified the +2 robe of the Pleiades {rC+ rCorr} (Okawaru
                  | gifted it to you on level 2 of the Vaults)
 65589 | Vaults:2 | Received a gift from Okawaru
 65769 | Vaults:2 | Reached skill level 15 in Fighting
 67325 | Vaults:3 | Found a staircase to the Crypt.
 67379 | Vaults:3 | Identified the amulet "Fopnasatha" {Reflect rF+ Str+4 SH+5}
 67396 | Vaults:3 | Found a transporter.
 67396 | Vaults:3 | Found a transporter.
 67539 | Vaults:3 | Identified the +1 robe of Incorporation {rC++ Str+4 Int-3
                  | Dex-4} (Okawaru gifted it to you on level 3 of the Vaults)
 67539 | Vaults:3 | Received a gift from Okawaru
 67697 | Vaults:3 | Reached skill level 15 in Throwing
 69466 | Vaults:4 | Reached XP level 24. HP: 122/248 MP: 17/30
 69470 | Vaults:4 | Reached skill level 10 in Invocations
 69957 | Vaults:4 | Noticed Mennas
 69990 | Vaults:4 | Killed Mennas
 70876 | Depths:1 | Entered Level 1 of the Depths
 70887 | Depths:1 | Found a one-way gate to the infinite horrors of the Abyss.
 70956 | Depths:1 | Received a gift from Okawaru
 71341 | Depths:1 | Received a gift from Okawaru
 71533 | Depths:1 | Found a blossoming altar of Fedhas.
 71928 | Depths:1 | Found a gateway to Hell.
 71946 | Depths:1 | Received a gift from Okawaru
 72465 | Depths:1 | Got the Grimoire of the Arcane
 72578 | Depths:2 | Identified the +5 morningstar of Ovaciytsig {flame, rN+
                  | rCorr Stlth-} (Okawaru gifted it to you on level 2 of the
                  | Depths)
 72578 | Depths:2 | Received a gift from Okawaru
 73138 | Depths:2 | Identified the ring "Ogept" {+Blink rC+ rN+ Will+ Int+6}
 73622 | Depths:2 | Acquired a manual of Evocations
 73633 | Depths:2 | Got the Almanac of Aerial Battle Magic
 73647 | Depths:2 | Received a gift from Okawaru
 73747 | Depths:2 | Received a gift from Okawaru
 73756 | Depths:2 | Identified the +6 chain mail of Focus {+Inv Will- Dex+7}
 73797 | Depths:2 | Reached XP level 25. HP: 226/261 MP: 30/30
 74544 | Depths:2 | Received a gift from Okawaru
 74902 | Depths:2 | Acquired 826 gold pieces
 74981 | Depths:2 | Found a stormy altar of Qazlal.
 75300 | Depths:2 | Learned a level 2 spell: Blink
 75330 | Depths:3 | Found a shimmering altar of Xom.
 75522 | Depths:3 | Received a gift from Okawaru
 75524 | Depths:3 | Identified the amulet of Linearity {*Slow rElec Regen+
                  | rCorr Dex+2}
 75558 | Depths:3 | Reached skill level 1 in Translocations
 75596 | Depths:3 | Identified the +5 flail "Nuxoad" {vorpal, Dex+4} (Okawaru
                  | gifted it to you on level 3 of the Depths)
 75596 | Depths:3 | Received a gift from Okawaru
 75789 | Depths:3 | Received a gift from Okawaru
 76273 | Depths:3 | Reached skill level 5 in Stealth
 76398 | Depths:3 | Found a one-way gate leading to the halls of Pandemonium.
 76771 | Depths:4 | Found a gateway to a ziggurat.
 76875 | Depths:4 | Reached XP level 26. HP: 222/274 MP: 28/30
 77251 | Depths:4 | Identified the +0 chain mail of Dogma {rElec Dex+2}
 77693 | Depths:4 | Noticed a juggernaut
 77710 | Depths:4 | Killed a juggernaut
 77998 | Depths:4 | Received a gift from Okawaru
 78567 | Depths:5 | Entered Level 5 of the Depths
 78569 | Depths:5 | Found a broken altar of Ashenzari.
 78915 | Depths:5 | Found a runed translucent gate.
 78919 | Depths:5 | Noticed Gucom's ghost (veteran GnFi)
 78920 | Depths:5 | Found a runed translucent gate.
 78921 | Depths:5 | Found a runed translucent gate.
 79584 | Depths:5 | Found a gate to the Realm of Zot.
 79684 | Depths:5 | Reached skill level 5 in Translocations
 80017 | Depths:5 | Killed Gucom's ghost
 80598 | Temple   | Fell from the grace of Okawaru
 80598 | Temple   | Became a worshipper of the Shining One
 80963 | Hell     | Entered the Vestibule of Hell
 80963 | Hell     | Noticed Geryon
 80969 | Hell     | Reached * piety under the Shining One
 81072 | Hell     | Reached ** piety under the Shining One
 81082 | Depths:1 | Reached skill level 15 in Evocations
 81219 | Hell     | Noticed Murray
 82156 | Slime:1  | Entered Level 1 of the Pits of Slime
 82304 | Slime:2  | Gained mutation: You are clumsy. (Dex -2) [a shining eye]
 82305 | Slime:2  | Gained mutation: You sometimes lose the ability to read
                  | scrolls when taking damage. [a shining eye]
 82306 | Slime:2  | Gained mutation: Your spells are a little harder to cast,
                  | but a little more powerful. [a shining eye]
 82307 | Slime:2  | Gained mutation: You are weak. (Str -2) [a shining eye]
 82587 | Slime:2  | Reached *** piety under the Shining One
 82675 | Slime:3  | Gained mutation: You tend to lose your temper in combat. [a
                  | shining eye]
 82758 | Slime:3  | You are sucked into a shaft and drop 1 floor!
 83315 | Slime:4  | Paralysed by a floating eye for 3 turns
 83319 | Slime:4  | Reached XP level 27. HP: 249/287 MP: 25/30
 83361 | Slime:5  | Entered Level 5 of the Pits of Slime
 83558 | Slime:5  | Lost mutation: You sometimes lose the ability to read
                  | scrolls when taking damage. [potion of mutation]
 83558 | Slime:5  | Lost mutation: Your spells are a little harder to cast, but
                  | a little more powerful. [potion of mutation]
 83558 | Slime:5  | Lost mutation: You tend to lose your temper in combat.
                  | [potion of mutation]
 83558 | Slime:5  | Gained mutation: A frigid envelope surrounds you and
                  | freezes all who hurt you. [potion of mutation]
 83558 | Slime:5  | Gained mutation: You are robust. (+10% HP) [potion of
                  | mutation]
 83558 | Slime:5  | Gained mutation: You have large cloven feet. [potion of
                  | mutation]
 83697 | Slime:5  | Gained mutation: Your magical capacity is low. (-10% MP) [a
                  | shining eye]
 83867 | Slime:5  | Noticed the Royal Jelly
 83902 | Slime:5  | Killed the Royal Jelly
 83904 | Slime:5  | Gained mutation: You are very weak. (Str -4) [a shining
                  | eye]
 83922 | Slime:5  | Found the +5 sword of Power {vorpal}
 83949 | Slime:5  | Identified the amulet "Ducveax" {Harm rN++ Will+ Regen+}
 83997 | Slime:5  | Got a slimy rune of Zot
 84044 | Slime:5  | Identified the +8 rapier "Vadonor" {vorpal, rElec}
 84057 | Slime:5  | Acquired the +4 cloak "Jinuext" {rElec rC++ Regen+ Slay+2}
 84100 | Slime:5  | Identified the +1 scimitar "Doleont" {flame, rCorr Str+4}
 84254 | Snake:1  | Bought a scroll of immolation for 42 gold pieces
 84404 | D:8      | Bought a potion of mutation for 104 gold pieces
 84404 | D:8      | Bought a potion of mutation for 104 gold pieces
 84404 | D:8      | Bought a potion of mutation for 104 gold pieces
 84404 | D:8      | Bought a potion of mutation for 104 gold pieces
 84908 | Depths:1 | Killed Murray
 85022 | Hell     | Reached **** piety under the Shining One
 85188 | Hell     | Killed Geryon
 85256 | Hell     | Reached ***** piety under the Shining One
 85266 | Hell     | Found a gateway to the ashen valley of Gehenna.
 85363 | Hell     | Found a gateway to the Iron City of Dis.
 85404 | Hell     | Found a gateway to the freezing wastes of Cocytus.
 85478 | Hell     | Found a gateway to the decaying netherworld of Tartarus.
 86139 | Crypt:1  | Entered Level 1 of the Crypt
 86258 | Crypt:1  | Noticed Margery
 86269 | Crypt:1  | Killed Margery
 87091 | Crypt:1  | Reached ****** piety under the Shining One
 87240 | Crypt:2  | Identified a +7 sacred scourge of holy wrath (a +5
                  | antimagic demon whip blessed by the Shining One)
 87240 | Crypt:2  | Received a gift from the Shining One
 87269 | Crypt:3  | Entered Level 3 of the Crypt
 87625 | Crypt:2  | Was forgiven by Okawaru
 87865 | Crypt:2  | Found a basalt altar of Yredelemnul.
 88490 | Crypt:3  | Noticed a dread lich
 88493 | Crypt:3  | Killed a dread lich
 88506 | Crypt:3  | Identified the +3 broad axe of Psychosis {chaos, Int+3}
 88921 | Crypt:3  | Found a staircase to the Tomb.
 89021 | Tomb:1   | Entered Level 1 of the Tomb of the Ancients
 89071 | Tomb:1   | Noticed Boris
 89079 | Tomb:1   | Killed Boris
 89149 | Tomb:1   | Noticed Frederick
 89166 | Tomb:1   | Killed Frederick
 89502 | Tomb:1   | Noticed a royal mummy
 89564 | Tomb:1   | Killed a royal mummy
 89826 | Tomb:1   | Noticed Jory
 89835 | Tomb:1   | Killed Jory
 90224 | Vaults:5 | Entered Level 5 of the Vaults
 90228 | Vaults:5 | Noticed an ancient lich
 90243 | Vaults:4 | Killed an ancient lich
 90244 | Vaults:4 | Reached skill level 15 in Invocations
 90364 | Vaults:5 | HP: 16/322 [titan/bolt of lightning (18)]
 90367 | Vaults:5 | Found the +13 scythe of Curses {drain, Drain}
 90494 | Vaults:5 | Identified the +2 pair of gloves of the Pink Corner {Will++
                  | Str+4 Slay+3}
 90519 | Vaults:5 | Got a silver rune of Zot
 90675 | Vaults:5 | Noticed a dread lich
 90682 | Vaults:5 | Killed a dread lich
 90759 | Vaults:5 | Identified the +1 flail "Acwuoros" {vorpal, rElec Will+
                  | Int+4}
 90775 | Vaults:5 | Noticed an ancient lich
 90785 | Vaults:5 | Killed an ancient lich
 90813 | Vaults:5 | Identified the +5 battleaxe of Shame {antimagic, Stlth+}
 90871 | Vaults:5 | Reached skill level 10 in Translocations
 92077 | Depths:1 | Voluntarily entered the Abyss.
 92125 | Abyss:1  | Learned a level 4 spell: Passage of Golubria
 92129 | Abyss:1  | Learned a level 3 spell: Lesser Beckoning
 92135 | Abyss:1  | Learned a level 5 spell: Manifold Assault
 92139 | Abyss:1  | Learned a level 3 spell: Portal Projectile
 92224 | Abyss:1  | Reached skill level 1 in Hexes
 92944 | Abyss:1  | Paralysed by accursed screaming for 1 turns
 93155 | Abyss:3  | Noticed an ancient lich
 93176 | Abyss:3  | Got an abyssal rune of Zot
 93181 | Depths:1 | Escaped the Abyss
 93306 | Pan      | Entered Pandemonium
 93324 | Pan      | Noticed Opeiv the pandemonium lord
 93344 | Pan      | Killed Opeiv the pandemonium lord
 93409 | Pan      | Learned a level 1 spell: Apportation
 93428 | Pan      | Noticed Dukhluet the pandemonium lord
 93439 | Pan      | Killed Dukhluet the pandemonium lord
 93440 | Pan      | Reached skill level 5 in Hexes
 93476 | Pan      | Got a demonic rune of Zot
 93573 | Pan      | Noticed Goblem the pandemonium lord
 93593 | Pan      | Killed Goblem the pandemonium lord
 93848 | Pan      | Entered the realm of Gloorx Vloq.
 94052 | Pan      | Noticed Gloorx Vloq
 94254 | Pan      | Killed Gloorx Vloq
 94270 | Pan      | Got a dark rune of Zot
 94361 | Pan      | Identified the +4 chain mail of Nobuc {Str+2 Dex+6}
 94427 | Pan      | Noticed Syirch the pandemonium lord
 94574 | Pan      | Found a runed translucent door.
 94580 | Pan      | Found a runed translucent door.
 94582 | Pan      | Found a runed translucent door.
 94587 | Pan      | Noticed Noirad the pandemonium lord
 94600 | Pan      | Killed Noirad the pandemonium lord
 94613 | Pan      | Found a runed translucent door.
 94661 | Pan      | Found an exit through the horrors of the Abyss.
 94674 | Pan      | Identified the +2 glaive of Atiegidiam {venom, Str+4}
 94739 | Pan      | Noticed Hittaulasch the pandemonium lord
 94745 | Pan      | Killed Hittaulasch the pandemonium lord
 95019 | Pan      | Entered the realm of Lom Lobon.
 95019 | Pan      | Noticed Lom Lobon
 95509 | Pan      | Got the Disquisition on Frigorific Toxins
 95615 | Pan      | Killed Lom Lobon
 95639 | Pan      | Got a magical rune of Zot
 95786 | Pan      | Entered the realm of Cerebov.
 95889 | Pan      | Found the +6 sword of Cerebov {flame}
 95889 | Pan      | Noticed Cerebov
 96076 | Pan      | Killed Cerebov
 96085 | Pan      | Got a fiery rune of Zot
 96126 | Pan      | Identified the ring "Teehumut" {rF+ Dex+6}
 96226 | Pan      | Identified the ring of Estridy {Will- AC+4 Int+4 Stlth+}
 96263 | Pan      | Got An Introduction to Witchcraft
 96624 | Pan      | Entered the realm of Mnoleg.
 96661 | Pan      | Noticed Mnoleg
 96674 | Pan      | Killed Mnoleg
 96747 | Pan      | Got a glowing rune of Zot
 96964 | Pan      | Found an exit through the horrors of the Abyss.
 97066 | Pan      | Took an exit into the Abyss.
 97066 | Abyss:1  | Escaped into the Abyss
 97066 | Abyss:1  | Found a corrupted altar of Lugonu.
 97189 | Abyss:3  | Found a corrupted altar of Lugonu.
 97198 | Depths:3 | Escaped the Abyss
 97267 | Coc:1    | Entered Level 1 of Cocytus
 97824 | Coc:7    | Entered Level 7 of Cocytus
 98255 | Coc:7    | Reached skill level 10 in Spellcasting
 98267 | Coc:7    | Noticed Antaeus
 98307 | Coc:7    | Killed Antaeus
 98407 | Coc:7    | Identified the ring of Vauru {rN+ Will+}
 98448 | Coc:7    | Got an icy rune of Zot
 98451 | Coc:7    | Identified the +5 long sword of Akeiqi Daeni {vorpal, rF-
                  | Int+8 SInv}
 98676 | Geh:1    | Entered Level 1 of Gehenna
 99548 | Geh:7    | Entered Level 7 of Gehenna
 99979 | Geh:7    | Found the +7 sceptre of Asmodeus
 99979 | Geh:7    | Noticed Asmodeus
 99997 | Geh:7    | Killed Asmodeus
100043 | Geh:7    | Got an obsidian rune of Zot
100047 | Geh:7    | Got the Tome of Conjuration
100195 | Tar:1    | Entered Level 1 of Tartarus
100274 | Tar:1    | You fall into a shaft and drop 1 floor!
100638 | Tar:7    | Entered Level 7 of Tartarus
100832 | Tar:7    | Found the amulet of the Air {Inacc Air Fly rElec RMsl}
101013 | Tar:7    | Identified the +8 scimitar of Wu Jian's Supremacy {flame,
                  | rF+ rCorr}
101059 | Tar:7    | Identified the ring "Tytoc" {rCorr Str+6 Dex+4}
101458 | Tar:7    | Noticed Ereshkigal
101479 | Tar:7    | Killed Ereshkigal
101493 | Tar:7    | Got a bone rune of Zot
101631 | Dis:1    | Entered Level 1 of the Iron City of Dis
102647 | Dis:7    | Entered Level 7 of the Iron City of Dis
102921 | Dis:7    | Gained mutation: You are occasionally teleported next to
                  | monsters. [a cacodemon]
102933 | Dis:7    | Reached skill level 15 in Spellcasting
102971 | Dis:7    | Lost mutation: You are robust. (+10% HP) [potion of
                  | mutation]
102971 | Dis:7    | Lost mutation: Your magical capacity is low. (-10% MP)
                  | [potion of mutation]
102971 | Dis:7    | Lost mutation: You are clumsy. (Dex -2) [potion of
                  | mutation]
102971 | Dis:7    | Gained mutation: Your flesh is cold resistant. (rC+)
                  | [potion of mutation]
102971 | Dis:7    | Gained mutation: You have hoof-like feet. [potion of
                  | mutation]
102974 | Dis:7    | Lost mutation: You are occasionally teleported next to
                  | monsters. [potion of mutation]
102974 | Dis:7    | Lost mutation: You are very weak. (Str -4) [potion of
                  | mutation]
102974 | Dis:7    | Gained mutation: Armour fits poorly on your strangely
                  | shaped body. [potion of mutation]
102974 | Dis:7    | Lost mutation: Your flesh is cold resistant. (rC+) [potion
                  | of mutation]
102974 | Dis:7    | Gained mutation: Your flesh is cold resistant. (rC+)
                  | [potion of mutation]
103146 | Dis:7    | Noticed the Serpent of Hell
103161 | Dis:7    | Killed the Serpent of Hell
103319 | Dis:7    | Found the +4 staff of Dispater
103319 | Dis:7    | Noticed Dispater
103336 | Dis:7    | Killed Dispater
103384 | Dis:7    | Got an iron rune of Zot
103386 | Dis:7    | Got the Tome of Fiery Lightness
104073 | Tomb:2   | Noticed a royal mummy
104081 | Tomb:2   | Killed a royal mummy
104085 | Tomb:2   | Noticed a royal mummy
104097 | Tomb:2   | Killed a royal mummy
104122 | Tomb:2   | Noticed a royal mummy
104129 | Tomb:2   | Killed a royal mummy
104176 | Tomb:2   | Noticed a royal mummy
104193 | Tomb:2   | Killed a royal mummy
104262 | Tomb:2   | Noticed a royal mummy
104270 | Tomb:2   | Killed a royal mummy
104396 | Tomb:1   | Noticed a royal mummy
104396 | Tomb:1   | Noticed a royal mummy
104396 | Tomb:1   | Noticed a royal mummy
104396 | Tomb:1   | Noticed a royal mummy
104401 | Tomb:1   | Killed a royal mummy
104401 | Tomb:1   | Killed a royal mummy
104401 | Tomb:1   | Noticed a royal mummy
104407 | Tomb:1   | HP: 13/318 [emperor scorpion[a royal mummy] (12)]
104408 | Tomb:1   | Killed a royal mummy
104685 | Tomb:1   | Killed a royal mummy
104722 | Tomb:1   | Killed a royal mummy
104723 | Tomb:1   | Noticed a royal mummy
104728 | Tomb:1   | Killed a royal mummy
104765 | Tomb:1   | Noticed a royal mummy
104771 | Tomb:1   | Killed a royal mummy
104876 | Tomb:1   | Noticed a royal mummy
104891 | Tomb:1   | Killed a royal mummy
105081 | Tomb:3   | Entered Level 3 of the Tomb of the Ancients
105099 | Tomb:3   | Noticed a royal mummy
105099 | Tomb:3   | Noticed a royal mummy
105099 | Tomb:3   | Noticed a royal mummy
105099 | Tomb:3   | Noticed a royal mummy
105099 | Tomb:3   | Noticed a royal mummy
105099 | Tomb:3   | Noticed a royal mummy
105099 | Tomb:3   | Noticed a royal mummy
105110 | Tomb:3   | Gained mutation: Your body sometimes deteriorates upon
                  | taking damage. [mutagenic glow]
105114 | Tomb:3   | Killed a royal mummy
105131 | Tomb:3   | Killed a royal mummy
105150 | Tomb:3   | Killed a royal mummy
105150 | Tomb:3   | Killed a royal mummy
105151 | Tomb:3   | Reached skill level 27 in Invocations
105153 | Tomb:3   | Reached skill level 27 in Fighting
105156 | Tomb:3   | Noticed a royal mummy
105156 | Tomb:3   | Noticed a royal mummy
105159 | Tomb:3   | Killed a royal mummy
105159 | Tomb:3   | HP: 15/323 [flayed ghost/flay_damage[a mummy priest] (3)]
105159 | Tomb:3   | The Shining One protects you from harm!
105350 | Tomb:3   | Killed a royal mummy
105396 | Tomb:3   | Killed a royal mummy
105646 | Tomb:3   | Killed a royal mummy
105901 | Tomb:3   | Killed a royal mummy
105974 | Tomb:3   | Identified the +5 hunting sling "Leviticus" {speed, *Slow
                  | +Blink Int+9 Dex+2}
105977 | Tomb:3   | Identified the +5 hunting sling of Internal Strife {freeze,
                  | Drain Str+2 Int+4}
105991 | Tomb:3   | Identified the +6 flail of the Beginning {elec, rC++ rCorr
                  | Int-4 SInv}
106103 | Tomb:3   | Got a golden rune of Zot
106923 | Zot:1    | Entered Level 1 of the Realm of Zot
107133 | Zot:5    | Entered Level 5 of the Realm of Zot
107164 | Zot:5    | Reached skill level 15 in Dodging
107442 | Zot:5    | Noticed an orb of fire
107444 | Zot:5    | Noticed an orb of fire
107447 | Zot:5    | Noticed an orb of fire
107450 | Zot:5    | Killed an orb of fire
107450 | Zot:5    | Noticed a dread lich
107451 | Zot:5    | Noticed an orb of fire
107452 | Zot:5    | Killed an orb of fire
107452 | Zot:5    | Noticed an ancient lich
107454 | Zot:5    | Gained mutation: You sometimes lose the ability to read
                  | scrolls when taking damage. [an orb of fire]
107458 | Zot:5    | Killed an orb of fire
107464 | Zot:5    | Killed an ancient lich
107466 | Zot:5    | Killed an orb of fire
107593 | Zot:5    | Killed a dread lich
107806 | Zot:5    | Noticed a dread lich
107906 | Zot:5    | Lost mutation: Your body sometimes deteriorates upon taking
                  | damage. [potion of mutation]
107906 | Zot:5    | Lost mutation: Armour fits poorly on your strangely shaped
                  | body. [potion of mutation]
107906 | Zot:5    | Lost mutation: You are weak. (Str -2) [potion of mutation]
107906 | Zot:5    | Gained mutation: You are strong-willed. (Will+) [potion of
                  | mutation]
107906 | Zot:5    | Gained mutation: You are partially covered in iridescent
                  | scales. (AC +2) [potion of mutation]
107917 | Zot:5    | Killed a dread lich
108043 | Zot:5    | Got the Orb of Zot
108739 | D:1      | Noticed a seraph
108768 | D:$      | Escaped with the Orb!

Illustrated notes

Levels and vault maps discovered:
D:1:      lemuel_arrival_cross, layout_basic, basic_ecumenical_altar,
          serial_glass, glass_columns_a, glass_columns_a
D:2:      layout_loops_ring, basic_altar, minmay_misc_feat_roman
D:3:      layout_basic, ebering_ghost_sewer_f, serial_shops,
          nicolae_shop_behind_doors, uniq_sigmund
D:4:      cheibrodos_pilgrimage, layout_loops_ring,
          beargit_hepliaklqana_dungeon_heroes, nicolae_ru_sacrificial_ziggurat
D:5:      layout_basic, lemuel_crystal_altar, nemelex_xobeh_ov_fountains_minmay,
          okawaru_gym_becter, serial_shops, nicolae_inconvenience_store,
          uniq_eustachio, uniq_duvessa
D:6:      layout_basic, hangedman_abyss_or_decor_stagger, minivault_27,
          minmay_between, uniq_grinder
D:7:      layout_loops_ring, minmay_temple_entry_slanted, chequers_mini_garden
D:8:      layout_basic, columned_hall_lemuel, nicolae_transmutations_shop,
          nicolae_looking_at_the_future
D:9:      layout_grid_maze, mainiacjoe_overflow_brackets, kennysheep_mini_moat,
          grunt_lair_entry_orc_guard_hut, enter_bailey_5
D:10:     layout_rooms, special_room [special_room_kobold], uniq_harold
D:11:     layout_basic, serial_shops, shop, lemuel_zombie_altar_kikubaaqudgha
D:12:     layout_big_octagon, zombieorc2_lemuel, minivault_4
D:13:     layout_basic, hangedman_vaults_entry_quadrant_bands,
          gammafunk_ghost_ooze
D:14:     layout_stronghold, nrook_mini_vaults, serial_shops, shop,
          nicolae_shop_crystal
D:15:     hangedman_slaughterboxes
Temple:   regret_index_temple_generic_petals
Lair:1:   layout_roguey, grunt_megastairs_5, infiniplex_staircase_pool
Lair:2:   layout_loops_ring, minmay_shoals_entry_centaurs, uniq_gastronok,
          uniq_erica
Lair:3:   layout_cave_pods, minmay_snake_entry_guardpost_small, basic_altar,
          lemuel_fruit_tree, serial_bayou_shore_a, infiniplex_staircase_pool_2,
          grunt_megastairs_3
Lair:4:   layout_cave_pods, patterned_corridor, uniq_josephine
Lair:5:   layout_loops_ring, gauntlet_entry_generic, serial_bayou_pond_e,
          minmay_holes, grunt_megastairs_4, lemuel_fruit_fields
Lair:6:   grunt_lair_end_beastmaster, layout_regular_city, slime_altar_1
Shoals:1: layout_shoals, serial_shops, shop
Shoals:2: layout_shoals, nicolae_shoals_elemental_ambush
Shoals:3: layout_shoals, ebering_ghost_davey_jones
Shoals:4: shoals_end_hellmonk_storm_palace [storm_palace_center_ruins,
          storm_palace_corner_blocked, storm_palace_corner_grid,
          storm_palace_corner_reverse_hut, storm_palace_corner_narrow]
Snake:1:  layout_honeycomb, serial_shops, nicolae_shop_behind_doors,
          basic_altar, grunt_ministairs_13, uniq_aizul
Snake:2:  layout_grid_maze, serial_shops, nicolae_square_shop,
          gammafunk_ghost_grave, uniq_saint_roka, uniq_vashnia
Snake:3:  layout_gridlike, nicolae_snake_snakewalk
Snake:4:  snake_pit, layout_onion, portal_ice_cave_entry_pillars_four,
          nicolae_snake_snakes_in_the_grass
Slime:1:  layout_caves
Slime:2:  layout_caves, nicolae_slime_phagocytosis
Slime:3:  layout_caves, cheibrodos_slime_lost_civilization_6
Slime:4:  layout_caves
Slime:5
Orc:1:    layout_diamond_mine
Orc:2:    st_orc_elflike, layout_caves, serial_shops, nicolae_shop_crystal,
          nicolae_shop_stone, nicolae_shop_stone, nicolae_square_shop,
          nicolae_diamond_shop
Elf:1:    cheibrodos_salmonella, layout_loops_corners, serial_shops,
          nicolae_square_shop, orc_legates, minivault_16,
          nicolae_elf_vaults_five_recruitment_drive
Elf:2:    nicolae_elf_blades_splatter_lattice [nicolae_blade_bullseye],
          layout_rooms, serial_shops, shop, nicolae_elf_blasts_and_bolts
Elf:3:    elf_hall_gauntlet_narrow, layout_loops_cross, uniq_nikola
Vaults:1: v_misc_5, vaults_room_ringed_pool, nicolae_vaults_sealed_display,
          ontoclasm_vaults_gateway, vaults_dpeg_cross, layout_vaults_omnigrid,
          serial_shops, nicolae_shop_overgrown_old_shop
Vaults:2: ontoclasm_vaults_tryst, vaults_dpeg_diagonal,
          hangedman_vaults_stitches, nicolae_vaults_little_squares_4,
          v_alt_pattern_4, nicolae_vaults_network_barrier,
          vaults_standard_mumra_enter_the_diamond, hangedman_vaults_locks,
          v_alt_pattern_3, hangedman_vaults_hat, vaults_room_large_hall,
          nicolae_vaults_border_crossing, ontoclasm_vaults_ring_large,
          nicolae_vaults_little_squares_2, layout_vaults_omnibox
Vaults:3: v_pattern_1, minmay_crypt_entry_simple_box, gammafunk_the_bubble
          [the_bubble_gammafunk_split], hangedman_vaults_unwind,
          vaults_dpeg_spiral, nicolae_vaults_network_square,
          vaults_room_door_hall, v_rooms_3, vaults_room_boxed, v_alt_pattern_3,
          ontoclasm_vaults_ring_small, vaults_room_stairs_pillars,
          ontoclasm_vaults_pinch, layout_vaults_maze
Vaults:4: serial_ice_m, hangedman_vaults_pinch, nicolae_vaults_angled_halls,
          ontoclasm_vaults_shuriken, grunt_vaults_funnel,
          hangedman_vaults_stretched_pinwheel, v_pattern_4,
          hangedman_vaults_slither, grunt_vaults_hallway_short, v_misc_25,
          vaults_room_hangedman_quadrants, nicolae_vaults_little_squares_5,
          vaults_room_hallway, layout_vaults_ring, uniq_mennas
Vaults:5
Crypt:1:  layout_chaotic_city, uniq_margery
Crypt:2:  gammafunk_crypt_yreds_forest, layout_basic
Crypt:3:  due_elkab, layout_chaotic_city, nicolae_tomb_entry_rubble_hallway,
          st_small_mortuary
Tomb:1:   uniq_jory, uniq_frederick, uniq_boris
Tomb:2
Tomb:3
Depths:1: layout_cave_shapes, abyss_entry, fedhas_altar_2, grunt_hell_horde,
          hangedman_research_convocations, kennysheep_random_hallway
Depths:2: hangedman_box_tower, layout_long_grid, grunt_hell_entry_dis_old,
          chequers_serial_rivers_small_a, grunt_qazlal_sundering,
          minmay_staircase_bubble
Depths:3: minmay_the_grid_octo_triangle [minmay_the_grid_octo_checkerflower,
          minmay_the_grid_octo_prize_star, minmay_the_grid_octo_clover],
          layout_gridlike, hell_entry, xom_teletrap_fun, rand_demon_pan_entry_7,
          infiniplex_staircase_pool_lava
Depths:4: evilmike_pillar_path, layout_cave_pools, enter_ziggurat_f,
          serial_sigils_hangedman_scar, hangedman_tar_grid_catacomb,
          abyss_entry, kennysheep_big_empty_room
Depths:5: evilmike_zot_entry_round, layout_basic, serial_rivers,
          chequers_serial_rivers_small_a, chequers_serial_rivers_marsh,
          chequers_serial_rivers_marsh, chequers_serial_rivers_micro_b,
          biasface_ghost_demon_polymorph, hell_entry, evilmike_ruin_ashenzari
Hell
Dis:1:    layout_jigsaw
Dis:2:    layout_regular_city, grunt_megastairs_2
Dis:3:    layout_regular_city
Dis:4:    grunt_deathspiral_small, layout_regular_city
Dis:5:    layout_subdivisions
Dis:6:    layout_gridville
Dis:7:    dis_st
Geh:1:    layout_gehenna_pools_basic, minmay_fire_ice_demons
Geh:2:    layout_gehenna_lava_caves, door_vault
Geh:3:    layout_gehenna_pools_basic
Geh:4:    layout_gehenna_lava_caves, lemuel_elevator
Geh:5:    layout_gehenna_pools_triple, hangedman_elemental_grid_stream
Geh:6:    layout_gehenna_lava_caves
Geh:7:    geh_grunt_pentagon
Coc:1:    layout_cocytus_water_paths
Coc:2:    layout_cocytus_delve, ice2_lemuel
Coc:3:    layout_ice_bergs
Coc:4:    layout_cocytus_water_paths
Coc:5:    layout_cocytus_delve, nooodl_cocytus_jagged_cave
Coc:6:    layout_cocytus_water_paths
Coc:7:    coc_grunt_cove [coc_grunt_cove_antaeus, coc_grunt_cove_fiend,
          coc_grunt_cove_fiend, coc_grunt_cove_fiend, coc_grunt_cove_fiend]
Tar:1:    layout_cathedral_of_symmetry
Tar:2:    layout_grid_maze
Tar:3:    layout_grid_maze
Tar:4:    layout_honeycomb
Tar:5:    layout_honeycomb
Tar:6:    hangedman_damned_closets, layout_catacombs
Tar:7:    tar_mu [tar_mu_maze]
Zot:1:    layout_basic
Zot:2:    layout_misc_corridors, st_large_dragon_hoard_3, grunt_megastairs_1
Zot:3:    layout_basic
Zot:4:    layout_misc_corridors, ebering_ghost_inner_flame, grunt_ministairs_14
Zot:5:    layout_twisted_circle

Skill      XL: |  1  2  3  4  5  6  7  8  9 10 11 12 13 14 15 16 17 18 19 20 21 22 23 24 25 26 27 |
---------------+----------------------------------------------------------------------------------+-----
Dodging        | 2 3 4 6 8 10 11 12 16 | 16.8
Fighting       | 3 5 7 9 10 12 13 14 16 17 18 19 27 | 27.0
Stealth        | 1 3 5 |  5.0
Shields        | 1 2 3 4 5 7 8 9 11 13 14 15 18 | 18.1
Throwing       | 5 6 7 8 9 10 12 14 15 17 18 19 26 | 26.0
Maces & Flails | 1 3 5 8 10 12 13 14 15 16 17 18 | 18.0
Armour         | 2 4 7 9 10 13 14 15 16 17 18 24 | 24.7
Evocations     | 2 4 8 10 12 13 14 15 18 | 18.0
Invocations    | 3 6 7 8 9 10 27 | 27.0
Spellcasting   | 3 5 15 | 15.0
Translocations | 3 6 13 | 13.0
Hexes          | 8 |  8.0

Action                   |  1- 3 |  4- 6 |  7- 9 | 10-12 | 13-15 | 16-18 | 19-21 | 22-24 | 25-27 || total
-------------------------+-------+-------+-------+-------+-------+-------+-------+-------+-------++-------
Melee: Short sword       |    90 |     7 |       |       |       |       |       |       |       ||    97
       Staff             |       |   136 |       |       |       |       |       |       |       ||   136
       Dagger            |       |    52 |       |       |       |       |       |       |       ||    52
       Flail             |       |    19 |   201 |   747 |   282 |       |       |       |       ||  1249
       Falchion          |       |       |       |     9 |       |       |       |       |       ||     9
       Morningstar       |       |       |       |       |   799 |   218 |       |       |       ||  1017
       Eveningstar       |       |       |       |       |       |   851 |  1564 |  1503 |  3061 ||  6979
       Sacred scourge    |       |       |       |       |       |       |       |       |  3176 ||  3176
       Kick              |       |       |       |       |       |       |       |       |  2460 ||  2460
       Unarmed           |       |       |       |       |       |       |       |       |     6 ||     6
 Fire: Hunting sling     |       |    39 |       |       |       |       |       |       |       ||    39
Throw: Stone             |    82 |       |       |       |       |       |       |       |       ||    82
       Large rock        |     7 |    10 |     3 |     8 |    11 |    93 |    67 |   104 |   206 ||   509
       Dart              |    14 |    50 |    60 |   131 |       |     4 |       |       |       ||   259
       Throwing net      |       |     3 |       |     1 |       |       |       |       |     2 ||     6
       Boomerang         |       |       |    52 |   146 |   151 |    76 |       |       |       ||   425
       Javelin           |       |       |       |       |    14 |     3 |    12 |     9 |     8 ||    46
 Cast: Passage of Golubr |       |       |       |       |       |       |       |       |     8 ||     8
       Blink             |       |       |       |       |       |       |       |       |     1 ||     1
Invok: Heroism           |       |       |       |     7 |    16 |    10 |    18 |    12 |    10 ||    73
       Finesse           |       |       |       |       |     3 |     2 |     5 |     2 |     6 ||    18
       Divine Shield     |       |       |       |       |       |       |       |       |    11 ||    11
       Cleansing Flame   |       |       |       |       |       |       |       |       |   147 ||   147
       Summon Divine War |       |       |       |       |       |       |       |       |    32 ||    32
       Brand Weapon With |       |       |       |       |       |       |       |       |     1 ||     1
 Abil: Evoke Invisibilit |       |       |       |       |       |       |     1 |       |       ||     1
Evoke: Wand              |       |       |       |     9 |    14 |    18 |    16 |    10 |    31 ||    98
       Condenser vane    |       |       |       |       |     1 |     2 |     2 |     2 |     1 ||     8
       Box of beasts     |       |       |       |       |     1 |     1 |       |     1 |     2 ||     5
       Phial of floods   |       |       |       |       |       |     1 |     1 |       |       ||     2
       Phantom mirror    |       |       |       |       |       |     1 |     1 |       |     2 ||     4
       Tin of tremorston |       |       |       |       |       |       |     6 |     4 |     6 ||    16
  Use: Potion            |       |     2 |     1 |    12 |     5 |     6 |     1 |       |    36 ||    63
       Scroll            |       |       |     3 |    11 |    11 |    18 |     3 |     2 |    68 ||   116
 Stab: Sleeping          |     1 |       |       |       |     1 |       |       |       |       ||     2
       Held in net/web   |       |     1 |       |       |       |       |       |       |       ||     1
       Paralysed         |       |       |       |       |       |     5 |       |       |       ||     5
       Confused          |       |       |       |       |       |     1 |       |       |       ||     1
       Invisible         |       |       |       |       |       |       |     5 |       |       ||     5
Armor: Robe              |    38 |    69 |    28 |     9 |       |       |       |       |       ||   144
       Skin              |       |       |     4 |    11 |       |       |       |       |       ||    15
       Acid dragon scale |       |       |       |   162 |    88 |       |       |       |       ||   250
       Troll leather arm |       |       |       |    25 |    84 |       |       |       |       ||   109
       Gold dragon scale |       |       |       |       |   125 |   563 |   428 |   382 |  2376 ||  3874
Dodge: Dodged            |    79 |   120 |    77 |   258 |   302 |   235 |   273 |   304 |  1575 ||  3223
Block: Kite shield       |       |       |    64 |   441 |   631 |   694 |    26 |       |       ||  1856
       Tower shield      |       |       |       |       |       |       |  1479 |  1476 |  6441 ||  9396
       Rpst.: Falchion   |       |       |       |     4 |       |       |       |       |       ||     4
